 Dungeon Crawl Stone Soup version 0.28.0-53-g5a82cb258f (webtiles) character file.

Game seed: 436792346580307022

5572 mcbry74 the Grappler (level 10, -8/91 HPs)
             Began as a Troll Fighter on July 3, 2022.
             Was a High Priest of Okawaru.
             Mangled by a two-headed ogre
             ... wielding a +0 giant spiked club
              (19 damage)
             ... on level 8 of the Dungeon.
             The game lasted 00:31:50 (6297 turns).

mcbry74 the Grappler (Troll Fighter)                Turns: 6297, Time: 00:31:51

Health: -8/91      AC:  4    Str: 28    XL:     10   Next: 44%
Magic:  11/11      EV:  9    Int:  6    God:    Okawaru [*****.]
Gold:   463        SH:  8    Dex: 15    Spells: 9/9 levels left

rFire   . . .      SeeInvis .     - Unarmed
rCold   + . .      Faith    .   b - +0 kite shield
rNeg    . . .      Spirit   .   a - +0 robe
rPois   .          Reflect  .   (helmet restricted)
rElec   .          Harm     .   (no cloak)
rCorr   .          Rampage  .   (gloves unavailable)
Will    .....                   (boots unavailable)
Stlth   +.........              h - amulet of regeneration
HPRegen 1.85/turn               q - +6 ring of dexterity
MPRegen 0.12/turn               m - ring of protection from cold

@: studying Armour
A: large, unfitting armour, claws 3, regeneration 1, shaggy fur 1, tough skin 1
a: Renounce Religion, Heroism, Finesse, Duel


You were on level 8 of the Dungeon.
You worshipped Okawaru.
Okawaru was extremely pleased with you.
You visited 2 branches of the dungeon, and saw 9 of its levels.

You collected 463 gold pieces.

Inventory:

Hand Weapons
 k - a +0 giant spiked club
 n - a +0 flail of holy wrath
 w - the +10 dark maul {vorpal}
   (You took it off a two-headed ogre on level 8 of the Dungeon)

   It inflicts extra damage upon your enemies.
 E - a +1 vorpal morningstar
 H - a +3 flail of draining
 I - a +4 dire flail
 L - a +5 morningstar of freezing
Missiles
 e - 14 poisoned darts (quivered)
 t - 3 javelins
 J - a throwing net
 K - 2 silver javelins
Armour
 a - a +0 robe (worn)
 b - a +0 kite shield (worn)
Jewellery
 g - a ring of flight
 h - an amulet of regeneration (around neck)
 m - a ring of protection from cold (right claw)
 q - a +6 ring of dexterity (left claw)
 F - a ring of wizardry
Wands
 s - a wand of digging (2)
 v - a wand of charming (11)
 x - a wand of acid (8)
 A - a wand of iceblast (16)
Scrolls
 f - 2 scrolls of teleportation
 p - 3 scrolls of enchant armour
 r - a scroll of blinking
Potions
 c - 2 potions of might
 d - 2 potions of heal wounds {unknown}
 i - 7 potions of curing
 j - 2 potions of ambrosia
 l - a potion of degeneration {unknown}
 o - 2 potions of attraction
 u - 2 potions of flight
 z - 2 potions of mutation
 M - a potion of brilliance {unknown}


   Skills:
 - Level 3.1 Fighting
 * Level 3.9 Maces & Flails
 + Level 3.5 Throwing
 + Level 3.5 Armour
 - Level 3.1 Dodging
 - Level 3.0 Shields
 - Level 12.5 Unarmed Combat
 - Level 3.2 Invocations
 - Level 2.3 Evocations


You had 9 spell levels left.
You didn't know any spells.
Your spell library contained the following spells:

 Spells                   Type           Power      Damage    Failure   Level
 Apportation              Tloc           0%         N/A       75%         1
 Corpse Rot               Necr/Air       0%         N/A       87%         2
 Ensorcelled Hibernation  Hex/Ice        0%         N/A       87%         2
 Poisonous Vapours        Pois/Air       0%         N/A       87%         2
 Static Discharge         Conj/Air       0%         N/A       87%         2
 Spider Form              Tmut/Pois      0%         N/A       98%         3
 Anguish                  Hex/Necr       0%         N/A       100%        4
 Lightning Bolt           Conj/Air       0%         1d11      100%        5
 Maxwell's Capacitive Co  Air            0%         ∞         100%        8
 Animate Skeleton         Necr           Unusable   N/A       N/A         1
 Summon Small Mammal      Summ           Unusable   N/A       N/A         1

Dungeon Overview and Level Annotations

Branches:
Dungeon (8/15)             Temple (1/1) D:5
   Lair: D:8-11

Altars:
Ashenzari
Cheibriados
Elyvilon
Gozag
Hepliaklqana
Kikubaaqudgha
Makhleb
Nemelex Xobeh
Okawaru
Qazlal
Ru
Sif Muna
Vehumet
Wu Jian
Yredelemnul
Zin

Shops:
D:5 (   D:8 *[(


Innate Abilities, Weirdness & Mutations

You are too large for most types of armour.
You have claws for hands.
Your natural rate of healing is unusually fast.
You are covered in fur. (AC +1)
You have tough skin. (AC +1)


Message History

You feel very sick.
Throw: 15 darts (poison)
Press: ? - help, Q - select action, (/) - cycle Shift-Dir - straight line, f - two-headed ogre
Aim: a two-headed ogre, wielding a +0 giant spiked club and a +0 giant club (75% to hit)
You throw a poisoned dart.
The poisoned dart barely misses the two-headed ogre.
You feel very sick.
You feel very sick.
You feel sick.
You feel sick.
You feel sick.
You feel sick.
You feel sick.
You feel sick.
You feel sick.
You feel sick.
You feel sick.
You are no longer poisoned.
There is a large open door here.
There is a large open door here.
You claw the two-headed ogre!
The two-headed ogre is lightly wounded.
You block the two-headed ogre's attack.
The two-headed ogre hits you but does no damage.
You fail to use your ability.
You barely miss the two-headed ogre.
The two-headed ogre is lightly wounded.
The two-headed ogre hits you with a +0 giant spiked club!!
The two-headed ogre hits you with a +0 giant club!
You scratch the two-headed ogre but do no damage.
The two-headed ogre is lightly wounded.
The two-headed ogre hits you with a +0 giant spiked club!
The two-headed ogre hits you with a +0 giant club!!
* * * LOW HITPOINT WARNING * * *
You scratch the two-headed ogre.
The two-headed ogre is moderately wounded.
The two-headed ogre hits you with a +0 giant spiked club!
* * * LOW HITPOINT WARNING * * *
The two-headed ogre hits you with a +0 giant club!!
You die...

#####..#...............'..#
#####..#..#.........#..'..#
#...#..#..#.........#..#..#
....#..#..#...#.#...#..#..#
###.#..#..#.........#..#..#
# #†#..#..#...#.#...#..#..#
..#..#..#.........#..#÷.#
..##..'..#.........#..#..#
.(# #..'.......O@......#..#
.# ####################''#
. #..# ##..# ## ##..##
#..######..######### #.
#................... ####
#. #.........###.#####.
....##. ##..####.#)'∩+.# ##


You could see a two-headed ogre.

Vanquished Creatures
  Harold (D:7)
  2 two-headed ogres (D:8)
  A troll (D:7)
  Sigmund (D:6)
  A shadow (D:8)
  Edmund (D:6)
  Duvessa (D:7)
  3 water moccasins
  A sky beast (D:7)
  A hornet zombie (D:7)
  An ice beast (D:8)
  2 centaurs
  2 ogres
  2 necrophages
  A kobold brigand (D:6)
  A bullfrog (D:6)
  A scorpion (D:7)
  2 gnoll sergeants
  2 water moccasin zombies (D:5)
  Dowan (D:7)
  4 killer bees (D:8)
  8 wights
  3 howler monkeys (D:8)
  2 bullfrog skeletons
  2 centaur zombies (D:7)
  A hound (D:5)
  2 gnoll shamans
  2 jellies
  3 orc priests
  Ijyb (D:4)
  Natasha (twice) (D:4)
  3 iguanas
  2 orc wizards
  A killer bee zombie (D:8)
  A hound skeleton (D:5)
  A howler monkey zombie (D:7)
  5 adders
  17 gnolls
  2 ufetubi
  4 worms
  A dart slug (D:2)
  19 orcs
  7 endoplasms
  4 giant cockroaches
  6 goblins
  8 hobgoblins
  6 quokkas
  2 ball pythons (D:1)
  5 bats
  4 frilled lizards
  6 kobolds
  5 rats
167 creatures vanquished.

Notes
Turn   | Place    | Note
-------+----------+-------------------------------------------
     0 | D:1      | mcbry74 the Troll Fighter began the quest for the Orb.
     0 | D:1      | Reached XP level 1. HP: 22/22 MP: 0/0
   112 | D:1      | Reached XP level 2. HP: 29/29 MP: 1/1
   138 | D:1      | Found a faded altar of an unknown god.
   341 | D:1      | Reached XP level 3. HP: 36/36 MP: 2/2
   713 | D:2      | Noticed an ogre
   733 | D:2      | Killed an ogre
   734 | D:2      | Reached skill level 3 in Unarmed Combat
   734 | D:2      | Reached XP level 4. HP: 25/45 MP: 3/3
  1014 | D:2      | Reached XP level 5. HP: 53/53 MP: 4/4
  1419 | D:3      | Reached skill level 4 in Unarmed Combat
  1769 | D:3      | Found a sacrificial altar of Ru.
  1865 | D:3      | Reached XP level 6. HP: 61/61 MP: 5/5
  2205 | D:4      | Reached skill level 5 in Unarmed Combat
  2417 | D:4      | Found an opulent altar of Gozag.
  2454 | D:4      | Noticed Natasha
  2458 | D:4      | Killed Natasha
  2579 | D:4      | Noticed Natasha
  2591 | D:4      | Killed Natasha
  2759 | D:4      | Reached skill level 6 in Unarmed Combat
  2772 | D:4      | Noticed Ijyb
  2790 | D:4      | Killed Ijyb
  2818 | D:5      | Entered Level 5 of the Dungeon
  2875 | D:5      | Reached XP level 7. HP: 67/67 MP: 6/6
  3003 | D:5      | Found a staircase to the Ecumenical Temple.
  3023 | Temple   | Entered the Ecumenical Temple
  3083 | Temple   | Became a worshipper of Warmaster Okawaru
  3277 | D:5      | Reached skill level 7 in Unarmed Combat
  3426 | D:5      | Found Basam's Weapon Boutique.
  3589 | D:5      | Reached * piety under Okawaru
  3774 | D:6      | Reached skill level 8 in Unarmed Combat
  3870 | D:6      | Reached XP level 8. HP: 75/75 MP: 7/7
  3957 | D:6      | Reached skill level 9 in Unarmed Combat
  3991 | D:6      | Noticed Edmund
  4010 | D:6      | Killed Edmund
  4041 | D:6      | Identified the +1 falchion of Mourning {vorpal, *Noise
                  | rElec rPois rCorr}
  4135 | D:6      | Reached ** piety under Okawaru
  4170 | D:6      | Reached skill level 10 in Unarmed Combat
  4179 | D:6      | Noticed Sigmund
  4186 | D:6      | Killed Sigmund
  4313 | D:6      | Reached skill level 11 in Unarmed Combat
  4803 | D:7      | Reached XP level 9. HP: 70/81 MP: 8/8
  4857 | D:7      | Noticed Dowan
  4859 | D:7      | Noticed Duvessa
  4862 | D:7      | Killed Duvessa
  4862 | D:7      | Reached *** piety under Okawaru
  4865 | D:7      | Killed Dowan
  4897 | D:7      | Noticed Harold
  4916 | D:7      | Killed Harold
  4916 | D:7      | Reached **** piety under Okawaru
  4917 | D:7      | Reached skill level 12 in Unarmed Combat
  5039 | D:7      | Received a gift from Okawaru
  5078 | D:7      | Reached skill level 1 in Maces & Flails
  5078 | D:7      | Reached skill level 1 in Throwing
  5078 | D:7      | Reached skill level 1 in Invocations
  5277 | D:7      | Reached skill level 1 in Evocations
  5505 | D:8      | Noticed a troll
  5515 | D:7      | Killed a troll
  5672 | D:8      | Identified 2 scrolls of acquirement
  5672 | D:8      | Acquired a manual of Armour
  5726 | D:8      | Acquired an amulet of regeneration
  5749 | D:8      | Noticed a two-headed ogre
  5767 | D:8      | Killed a two-headed ogre
  5768 | D:8      | Reached skill level 1 in Armour
  5768 | D:8      | Reached XP level 10. HP: 35/91 MP: 9/11
  5845 | D:8      | Noticed a two-headed ogre
  5895 | D:8      | Killed a two-headed ogre
  6013 | D:8      | Found Zeqil's Armour Boutique.
  6160 | D:8      | Found Gomikleh's Antique Weapon Boutique.
  6223 | D:8      | Found Nextar's Assorted Antiques.
  6256 | D:8      | Noticed a two-headed ogre
  6260 | D:8      | Reached ***** piety under Okawaru
  6297 | D:8      | Mangled by a two-headed ogre

Illustrated notes

Levels and vault maps discovered:
D:1:      lemuel_arrival_river_passageway, layout_rooms,
          dreamdust_ecumenical_altar_hidden_monk_grotto
D:2:      layout_loops_ring, minivault_5
D:3:      layout_basic, nicolae_ru_awakened_eye, nicolae_wormholes
D:4:      layout_rooms, mainiacjoe_overflow_cross_hatched,
          corexii_hall_statues_l, uniq_ijyb, uniq_natasha
D:5:      layout_basic, minmay_temple_entry_antechambers, serial_shops, shop
D:6:      layout_basic, kennysheep_generic_room_14, uniq_sigmund, uniq_edmund
D:7:      layout_cave_pools, uniq_duvessa, uniq_harold
D:8:      layout_layer_cave, serial_shops, shop, shop,
          nicolae_shop_window_shopping, kennysheep_mini, grunt_ministairs_6,
          hellmonk_guarded_unrand_dark_maul
Temple:   mainiacjoe_temple_bowtie_tessellation

Skill      XL: |  1  2  3  4  5  6  7  8  9 10 |
---------------+-------------------------------+-----
Fighting       | 3 |  3.1
Dodging        | 3 |  3.1
Shields        | 3 |  3.0
Unarmed Combat | 3 4 6 8 11 12 | 12.5
Maces & Flails | 2 3 |  3.9
Throwing       | 2 3 |  3.5
Invocations    | 2 3 |  3.2
Evocations     | 1 2 |  2.3
Armour         | 1 3 |  3.5

Action                   |  1- 3 |  4- 6 |  7- 9 | 10-12 || total
-------------------------+-------+-------+-------+-------++-------
Melee: Unarmed           |    97 |   178 |   216 |    40 ||   531
Throw: Dart              |     6 |     3 |    23 |    13 ||    45
       Javelin           |       |       |     2 |     2 ||     4
Invok: Heroism           |       |       |       |     1 ||     1
       Finesse           |       |       |       |     1 ||     1
  Use: Scroll            |       |       |    19 |       ||    19
       Potion            |       |       |       |     2 ||     2
Armor: Robe              |    35 |    28 |    24 |     4 ||    91
Dodge: Dodged            |    41 |    56 |    67 |    14 ||   178
Block: Kite shield       |    37 |    39 |    72 |    16 ||   164
